 Dungeon Crawl Stone Soup version 0.28.0-43-g3370ac3207 (webtiles) character file.

Game seed: 17166408317108552474

11 experimilk the Skirmisher (level 2, -1/25 HPs)
             Began as a Palentonga Abyssal Knight on Mar 19, 2022.
             Was a Follower of Lugonu.
             Slain by a jackal (2 damage)
             ... on level 1 of the Dungeon.
             The game lasted 00:00:28 (76 turns).

experimilk the Skirmisher (Palentonga Abyssal Knight) Turns: 76, Time: 00:00:29

Health: -1/25      AC:  4    Str: 16    XL:     2   Next: 17%
Magic:  3/3        EV:  9    Int: 10    God:    Lugonu [*.....]
Gold:   0          SH:  0    Dex: 10    Spells: 1/1 levels left

rFire   . . .      SeeInvis +   a - +1 hand axe
rCold   . . .      Faith    .   (no shield)
rNeg    . . .      Spirit   .   b - +0 leather armour
rPois   .          Reflect  .   (no helmet)
rElec   .          Harm     .   (no cloak)
rCorr   .          Rampage  .   (no gloves)
Will    .....                   (no barding)
Stlth   +.........              (no amulet)
HPRegen 0.08/turn               (no ring)
MPRegen 0.08/turn               (no ring)

@: no status effects
A: large, rugged brown scales 3, see invisible, deformed body, roll 1, armoured
tail
a: Rolling Charge, Renounce Religion, Depart the Abyss


You were on level 1 of the Dungeon.
You worshipped Lugonu.
Lugonu was aware of your devotion.
You visited 1 branch of the dungeon, and saw 1 of its levels.
You visited the Abyss 1 time.

Inventory:

Hand Weapons
 a - a +1 hand axe (weapon)
Armour
 b - a +0 leather armour (worn)
Jewellery
 c - an amulet of the acrobat


   Skills:
 + Level 3.1 Fighting
 + Level 2.1 Axes
 + Level 1.7 Armour
 + Level 1.0 Dodging
 + Level 2.2 Invocations


You had one spell level left.
You didn't know any spells.
Your spell library was empty.

Dungeon Overview and Level Annotations

Branches:
Dungeon (1/15)

Altars:


Innate Abilities, Weirdness & Mutations

You are completely covered in rugged brown scales. (AC +3, +7% HP)
You have supernaturally acute eyesight. (SInv)
Armour fits poorly on your strangely shaped body.
You can roll at nearby foes to attack.
You have a long armoured tail.


Message History

The jackal is moderately wounded.
You barely miss the jackal.
The jackal bites you but does no damage.
The jackal bites you.
* * * LOW HITPOINT WARNING * * *
The jackal bites you but does no damage. x2
You hit the jackal.
The jackal is severely wounded.
You hit the jackal but do no damage.
The jackal bites you but does no damage. x2
The jackal bites you.
* * * LOW HITPOINT WARNING * * *
The jackal barely misses you.
You hit the jackal but do no damage.
The jackal is severely wounded.
You closely miss the jackal. The jackal closely misses you.
The jackal bites you but does no damage. x2
You completely miss the jackal.
The jackal is severely wounded.
You closely miss the jackal. The jackal bites you.
* * * LOW HITPOINT WARNING * * *
The jackal barely misses you. The jackal closely misses you.
You slash the jackal!
You kill the jackal!
Lugonu accepts your kill.
You hit the jackal. The jackal bites you.
* * * LOW HITPOINT WARNING * * *
You hit the jackal.
You kill the jackal!
Lugonu accepts your kill.
You hit the jackal. The jackal barely misses you.
You hit the jackal.
The jackal is severely wounded.
You closely miss the jackal. The jackal barely misses you.
The jackal misses you.
The jackal bites you but does no damage. x2
You closely miss the jackal.
The jackal is severely wounded.
You closely miss the jackal. The jackal bites you.
You die...

.###### ..... .....
.... .# #..# ##.#
#..## #.. #.(.#
##########.#####@#
##8##8##8#..##.hh#
...............h##
................#
................#
............)...#
............#..#..#
##8##8##8#.....#.##
##########........


You could see 3 jackals.

Vanquished Creatures
  An endoplasm (D:1)
  6 jackals (D:1)
  A kobold (D:1)
  A ball python (D:1)
9 creatures vanquished.

Notes
Turn   | Place    | Note
-------+----------+-------------------------------------------
     0 | Abyss:1  | experimilk the Palentonga Abyssal Knight began the quest
                  | for the Orb.
     0 | Abyss:1  | Reached XP level 1. HP: 19/19 MP: 2/2
    15 | D:1      | Escaped the Abyss
    67 | D:1      | Reached skill level 1 in Dodging
    68 | D:1      | Reached XP level 2. HP: 6/25 MP: 3/3
    73 | D:1      | HP: 1/25 [jackal (1)]
    76 | D:1      | Slain by a jackal

Illustrated notes

Levels and vault maps discovered:
D:1:      psy_arrival_heroes, layout_rooms,
          hellmonk_ecumenical_altar_inner_sanctum

Skill      XL: |  1 |
---------------+----+-----
Dodging        | 1 |  1.0
Fighting       | |  3.1
Axes           | |  2.1
Armour         | |  1.7
Invocations    | |  2.2

Action                   || total
-------------------------++-------
Melee: Hand axe          ||    24
       Tailslap          ||     4
Armor: Leather armour    ||    22
Dodge: Dodged            ||    24
